AoeStats
← Carple

Migration

503947876Analyzed
1v1 RM · 1mo ago on Sep 3, 2026· 61m 49s· 2 players
Game mode
Random Map
Map size
132×132
Population
200
Speed
Normal
Resources
Standard
Victory
Conquest
Starting age
Dark Age
Ending age
Imperial Age
RankedLock teamsTeams togetherTeam positionsShared explorationLock speedFull tech treeHidden civsTurbo modeCheats
Victory
Defeat
🇨🇦 Spanish · Canada
1214
+17
🇲🇦 Byzantines · Morocco
1235
-17
Carple
12:02 Feudal Age
10:34 Loom
12:28 Double-Bit Axe
13:14 Fishing Lines
19:23 Castle Age
17:55 Horse Collar
18:19 Stone Mining
19:40 Pikeman
21:13 Squires
21:25 Medium Warships
22:41 Forging
22:32 Scale Mail Armor
23:26 Fletching
24:11 Iron Casting
29:20 Chain Mail Armor
29:00 Bodkin Arrow
29:12 Scale Barding Armor
29:32 Gold Mining
29:56 Arson
31:35 Heavy Plow
33:45 Wheelbarrow
39:16 Imperial Age
37:06 Bow Saw
37:20 Gambesons
40:34 Hand Cart
40:15 Halberdier
41:08 Husbandry
43:55 Conscription
45:36 Plate Mail Armor
46:07 Blast Furnace
46:46 Bloodlines
46:39 Town Watch
46:26 Cavalier
46:27 Light Cavalry
47:06 Elite Conquistador
50:10 Chemistry
48:48 Hussar
50:26 Chain Barding Armor
50:06 Bracer
50:06 Padded Archer Armor
52:17 Plate Barding Armor
54:36 Ballistics
60:48 Hoardings
60:15 Murder Holes
60:08 Arrowslits
61:28 Paladin
Souhaib
2:05 Loom
13:12 Feudal Age
13:47 Fishing Lines
13:55 Double-Bit Axe
17:16 Scale Barding Armor
17:22 Forging
22:19 Fletching
25:27 Horse Collar
29:34 Castle Age
30:18 Gillnets
30:46 Medium Warships
30:06 Light Cavalry
30:46 Husbandry
32:02 Bodkin Arrow
33:31 Scale Mail Armor
37:15 Imperial Age
37:21 Imperial Age
35:08 Bow Saw
35:49 Wheelbarrow
35:24 Gillnets
36:17 Ballistics
37:36 Chain Barding Armor
38:14 Hand Cart
39:10 Chemistry
38:47 Gold Mining
40:29 Two-Man Saw
40:16 Conscription
39:57 Stone Mining
40:25 Treadmill Crane
42:00 Heavy Warships
43:01 Bracer
46:44 Padded Archer Armor
48:05 Plate Barding Armor
47:02 Elite Skirmisher
48:08 Thumb Ring
48:38 Murder Holes
49:31 Leather Archer Armor
50:27 Iron Casting
51:13 Heavy Plow
51:54 Heavy Camel Rider
Connection lost

Rejoining the realm…

Still unreachable

The connection could not be restored.

Session expired

The server has moved on; the page needs a fresh start.